 Dungeon Crawl Stone Soup version 0.19.5 (webtiles) character file.

1500 equalderp2856 the Slasher (level 8, -1/61 HPs)
             Began as a Mummy Fighter on Mar 31, 2017.
             Slain by a centaur (5 damage)
             ... on level 6 of the Dungeon.
             The game lasted 00:16:38 (7015 turns).

equalderp2856 the Slasher (Mummy Fighter)           Turns: 7015, Time: 00:16:39

Health: -1/61      AC:  7    Str: 20    XL:     8   Next: 52%
Magic:  8/8        EV: 12    Int:  8    God:
Gold:   254        SH:  0    Dex: 12    Spells: 2 memorised, 4 levels left

rFire  x . .     SeeInvis .     A - +0 scimitar
rCold  + . .     Gourm    .     B - -1 ring mail (curse)
rNeg   + + +     Faith    .     (no shield)
rPois  ∞         Spirit   .     o - +0 helmet
rElec  .         Reflect  .     (no cloak)
rCorr  .         Harm     .     (no gloves)
MR     +....                    v - +0 pair of boots
Stlth  +.........               (no amulet)
                                (no ring)
                                (no ring)

@: about to teleport
A: no food or potions, fire vulnerability, cold resistance 1, negative energy
resistance 3, torment resistance, unbreathing
a: no special abilities


You were on level 6 of the Dungeon.
You were not hungry.

You visited 1 branch of the dungeon, and saw 7 of its levels.

You collected 254 gold pieces.

Inventory:

Hand Weapons
 a - a +0 long sword
 r - a +0 falchion
 t - a +0 hunting sling
 A - a +0 scimitar (weapon)
 D - a +0 quarterstaff
 E - a +0 hand axe
 F - a +0 scythe
 G - a +5 mace
 H - a +2 trident of protection
Missiles
 l - 2 needles of confusion
 C - 4 curare-tipped needles
 J - 4 silver tomahawks (quivered)
Armour
 b - a +0 scale mail
 c - a +0 shield
 o - a +0 helmet (worn)
 p - a +0 robe
 q - a +2 scale mail of poison resistance
 s - a +0 chain mail
 v - a +0 pair of boots (worn)
 B - a cursed -1 ring mail (worn)
 K - a +0 robe
Jewellery
 m - a +1 ring of evasion {unknown}
 u - an uncursed ring of positive energy {unknown}
 w - an uncursed ring of see invisible {unknown}
Scrolls
 d - 2 scrolls of identify
 e - a scroll of noise
 f - a scroll of random uselessness
 g - 2 scrolls of teleportation
 h - a scroll of magic mapping {unknown}
 i - 2 scrolls of enchant armour {unknown}
 j - 2 scrolls of amnesia {unknown}
 k - 2 scrolls of recharging {unknown}
 n - a scroll of remove curse {unknown}
 y - a scroll of immolation {unknown}
 z - 2 scrolls of enchant weapon {unknown}
Books
 x - a book of Debilitation

   Spells                             Type                      Level
   a - Corona                         Hexes                        1
   b - Slow                           Hexes                        2
   c - Gell's Gravitas                Hexes/Translocation          3
   d - Inner Flame                    Hexes/Fire                   3
   e - Cause Fear                     Hexes                        4
   f - Leda's Liquefaction            Hexes/Earth                  4
Comestibles
 I - 4 fruits


   Skills:
 + Level 4.8 Fighting
 + Level 5.8 Long Blades
 + Level 0.1 Staves
 + Level 4.2 Armour
 + Level 2.5 Dodging
 + Level 1.0 Stealth
 + Level 4.4 Shields


You had 4 spell levels left.
You knew the following spells:

 Your Spells              Type           Power        Failure   Level  Hunger
a - Corona                Hex            #......      73%         1    N/A
b - Slow                  Hex            #.......     90%         2    N/A

Dungeon Overview and Level Annotations

Branches:
Dungeon (7/15)
 Temple: D:4-7

Altars:
Dithmenos
Gozag
Hepliaklqana
Sif Muna
Vehumet
The Shining One

Annotations:
D:2 1 runed door


Innate Abilities, Weirdness & Mutations

You do not eat or drink.
Your flesh is vulnerable to fire.
You are immune to poison.
Your flesh is cold resistant. (rC+)
You are immune to negative energy. (rN+++)
You are immune to unholy pain and torment.
You can survive without breathing.


Message History

You see here 2 arrows.
The centaur unwields an uncursed shortbow.
The centaur hits you but does no damage.
Items here: ( ) [ †† an arrow; a short sword; a leather armour; a howler monkey corpse an orc corpse
As you read the scroll labeled WOCU CEITARHO, it crumbles to dust.
It is a scroll of identify.
e - a scroll of noise The centaur barely misses you. x2
Okay, then.
As you read the scroll labeled LUFETE VAAGI, it crumbles to dust.
The dust glows mottled bronze!
It was a scroll of random uselessness.
The centaur barely misses you.
As you read the scroll labeled JAXIWNUCEEDGH, it crumbles to dust.
You feel strangely unstable.
It was a scroll of teleportation.
The centaur barely misses you. x2
The centaur closely misses you. The centaur hits you.
You die...

#%# #...... #######'##
#...... #.?(.....# #......
#........# #...... #......!.#
###........# ..%......).#
...........##################
.......##.Sc@(....(..........
....... #.######........#####
....... #>..)..'........+
....... ########........#
.....Z. #........# .......
#........# .. #######
#........# #.. #........# #..
#........###..


You could see a water moccasin and a centaur.

Vanquished Creatures
  An ice beast (D:5)
  A black bear (D:5)
  An ogre (D:5)
  2 phantoms (D:6)
  Blork the orc (D:5)
  A scorpion (D:3)
  A howler monkey (D:6)
  2 crimson imps (D:4)
  A bullfrog zombie (D:6)
  A centaur zombie (D:6)
  3 hounds
  5 orc priests
  An iguana (D:6)
  5 orc wizards
  3 worker ants
  A hound skeleton (D:4)
  14 adders
  3 gnolls (D:3)
  A shadow imp (D:5)
  An ooze (D:3)
  An adder zombie (D:6)
  A worm (D:2)
  4 dart slugs
  A leopard gecko (D:3)
  21 orcs
  2 ball pythons
  7 bats
  4 giant cockroaches (D:3)
  9 goblins
  8 hobgoblins
  11 kobolds
  4 quokkas
  5 frilled lizards
  A goblin zombie (D:4)
  A hobgoblin zombie (D:4)
  A jackal skeleton (D:6)
  A kobold skeleton (D:4)
  2 orc skeletons (D:4)
  An orc zombie (D:4)
  9 rats
143 creatures vanquished.

Vanquished Creatures (others)
  A giant cockroach (D:5)
1 creature vanquished.

Grand Total: 144 creatures vanquished

Notes
Turn   | Place    | Note
-------+----------+-------------------------------------------
     0 | D:1      | equalderp2856 the Mummy Fighter began the quest for the Orb.
     0 | D:1      | Reached XP level 1. HP: 18/18 MP: 1/1
    88 | D:1      | Reached XP level 2. HP: 22/24 MP: 2/2
   407 | D:1      | Reached skill level 2 in Long Blades
   507 | D:2      | Reached XP level 3. HP: 29/29 MP: 3/3
   733 | D:2      | Found a hazy altar of Hepliaklqana.
  1100 | D:2      | Found a runed door.
  1340 | D:3      | Reached XP level 4. HP: 34/35 MP: 4/4
  1732 | D:3      | Found a shadowy altar of Dithmenos.
  1867 | D:3      | Reached skill level 3 in Long Blades
  1867 | D:3      | Reached skill level 1 in Dodging
  1867 | D:3      | Reached XP level 5. HP: 26/41 MP: 5/5
  3130 | D:4      | Reached XP level 6. HP: 33/48 MP: 6/6
  3823 | D:4      | Found a glowing golden altar of the Shining One.
  4423 | D:4      | Found a deep blue altar of Sif Muna.
  4538 | D:5      | Entered Level 5 of the Dungeon
  4603 | D:5      | Found an opulent altar of Gozag.
  4607 | D:5      | Learned a level 1 spell: Corona
  4610 | D:5      | Learned a level 2 spell: Slow
  4653 | D:5      | Found a radiant altar of Vehumet.
  4688 | D:5      | Noticed Blork the orc
  4705 | D:5      | Killed Blork the orc
  4705 | D:5      | Reached skill level 4 in Long Blades
  4705 | D:5      | Reached XP level 7. HP: 41/54 MP: 7/7
  6023 | D:6      | Reached skill level 5 in Long Blades
  6035 | D:6      | Reached XP level 8. HP: 58/61 MP: 8/8
  6278 | D:6      | Reached skill level 1 in Stealth
  7009 | D:6      | HP: 3/61 [centaur/arrow (11)]
  7015 | D:6      | Slain by a centaur

Skill      XL: |  1  2  3  4  5  6  7  8 |
---------------+-------------------------+-----
Long Blades    | 2 3 4 5 |  5.8
Dodging        | 1 2 |  2.5
Shields        | 3 4 |  4.4
Armour         | 3 4 |  4.2
Fighting       | 4 |  4.8
Stealth        | 1 |  1.0
Staves         | |  0.1

Action                   |  1- 3 |  4- 6 |  7- 9 || total
-------------------------+-------+-------+-------++-------
Melee: Long sword        |   123 |   399 |    49 ||   571
       Scimitar          |       |       |   171 ||   171
       Quarterstaff      |       |       |     3 ||     3
  Use: Scroll            |       |       |     3 ||     3
Armor: Scale mail        |    75 |   164 |     6 ||   245
       Ring mail         |       |       |    70 ||    70
Dodge: Dodged            |    39 |   128 |   108 ||   275
Block: Shield            |    75 |   217 |    98 ||   390
       Rpst.: Long sword |    16 |    40 |     7 ||    63
       Scimitar          |       |       |    25 ||    25
